 Dungeon Crawl Stone Soup version 0.30-a0-924-g0ad0bf95bc (webtiles) character file.

Game seed: 956843885261955732

21115 Sobieck the Earth Mage (level 12, -11/104 HPs)
             Began as a Ghoul Earth Elementalist on Mar 22, 2023.
             Was an Elder of Vehumet.
             Mangled by a swamp worm (24 damage)
             ... on level 3 of the Lair of Beasts.
             The game lasted 00:45:56 (16175 turns).

Sobieck the Earth Mage (Ghoul Earth Elementalist)  Turns: 16175, Time: 00:45:56

Health: -11/104    AC:  5    Str: 13    XL:     12   Next: 86%
Magic:  16/23      EV: 12    Int: 23    God:    Vehumet [****..]
Gold:   647        SH:  0    Dex:  9    Spells: 5/27 levels left

rFire   . . .      SeeInvis +    o - +3 dagger of Newnaa Dompa {venom, Int+3, short}
rCold   + . .      Faith    .    (no shield)
rNeg    + + +      Spirit   .    a - +0 robe
rPois   ∞          Reflect  .    (no helmet)
rElec   .          Rampage  .    e - +0 cloak
rCorr   .                        i - +0 pair of gloves
Will    .....                    m - +0 pair of boots of Indecent Exposure {rN+ Stlth+}
Stlth   +++                      w - amulet of regeneration {@e2}
HPRegen 0.00/turn                L - ring of see invisible
MPRegen 0.18/turn                Z - +6 ring of intelligence

@: inhibited regen, slowed, very slow
A: claws 1, cold resistance 1, negative energy resistance 3, inhibited
regeneration, torment resistance 2, devour on kill
a: Renounce Religion


You were on level 3 of the Lair of Beasts.
You worshipped Vehumet.
Vehumet was greatly pleased with you.
You visited 3 branches of the dungeon, and saw 13 of its levels.
You also visited: Bailey.

You collected 785 gold pieces.
You spent 138 gold pieces at shops.


Innate Abilities, Weirdness & Mutations

You are immune to poison.
You have sharp fingernails.
Your flesh is cold resistant. (rC+)
You are immune to negative energy. (rN+++)
You do not regenerate when monsters are visible.
You are immune to unholy pain and torment.
You thrive by killing the living.


   Skills:
 - Level 9.0 Fighting
 - Level 4.0 Dodging
 - Level 2.1 Stealth
 + Level 8.1 Spellcasting
 + Level 5.2 Conjurations
 - Level 3.0 Necromancy
 - Level 0.8 Transmutations
 + Level 16.4 Earth Magic


You had 5 spell levels left.
You knew the following spells:

 Your Spells              Type           Power      Damage    Failure   Level
a - Sandblast             Erth           100%       2d20      0%          1
b - Passwall              Tmut/Erth      40%        N/A       1%          2
c - Stone Arrow           Conj/Erth      100%       3d13      1%          3
d - Petrify               Tmut/Erth      49%        N/A       1%          4
e - Iron Shot             Conj/Erth      28%        9d6       3%          6
f - Borgnjor's Vile Clut  Necr/Erth      26%        N/A       3%          5
g - Apportation           Tloc           18%        N/A       7%          1

Your spell library contained the following spells:

 Spells                   Type           Power      Damage    Failure   Level
 Freezing Cloud           Conj/Ice/Air   8%         6-21      24%         5
 Animate Armour           Summ/Erth      94%        N/A       2%          4
 Leda's Liquefaction      Hex/Erth       23%        N/A       2%          4
 Frozen Ramparts          Ice            18%        1d3       5%          3
 Iskenderun's Battlesphe  Conj           33%        2d9       6%          5
 Call Canine Familiar     Summ           9%         N/A       21%         3
 Gell's Gravitas          Tloc           9%         N/A       21%         3
 Portal Projectile        Hex/Tloc       18%        N/A       21%         3
 Teleport Other           Tloc           9%         N/A       21%         3
 Manifold Assault         Tloc           9%         N/A       56%         4
 Alistair's Intoxication  Tmut/Pois      7%         N/A       85%         5
 Summon Forest            Summ/Tloc      4%         N/A       88%         5
 Eringya's Noxious Bog    Tmut/Pois      5%         N/A       88%         6
 Spellforged Servitor     Conj/Summ      10%        N/A       98%         7
 Dispersal                Tloc           4%         N/A       100%        6
 Summon Hydra             Summ           4%         N/A       100%        7
 Disjunction              Tloc           4%         N/A       100%        8
 Sublimation of Blood     Necr           Unusable   N/A       N/A         2
 Wereblood                Tmut           Unusable   N/A       N/A         2

Inventory:

Hand Weapons
 b - a +0 war axe {axe}
   (You found it on level 3 of the Dungeon)
 o - the +3 dagger of Newnaa Dompa (weapon) {venom, Int+3, short}
   (You took it off an orc priest on level 9 of the Dungeon)

   Int:       It affects your intelligence (+3).
 F - a +2 short sword of protection {short}
   (You took it off an orc warrior on level 5 of the Dungeon)
Missiles
 p - 16 poisoned darts {throwing}
 r - 3 throwing nets {=f!fthrowing}
 s - 13 boomerangs {throwing}
 B - a curare-tipped dart {=fthrowing}
 H - 3 datura-tipped darts {throwing}
Armour
 a - a +0 robe (worn)
 e - a +0 cloak (worn)
   (You found it on level 9 of the Dungeon)
 i - a +0 pair of gloves (worn)
   (You found it on level 1 of the Dungeon)
 k - a +0 ring mail
   (You found it on level 1 of the Dungeon)
 m - the +0 pair of boots of Indecent Exposure (worn) {rN+ Stlth+}
   (You found it on level 3 of the Lair of Beasts)

   rN:        It protects you from negative energy.
   Stlth:     It makes you more stealthy.
 t - a +0 scale mail
   (You took it off an orc on level 3 of the Dungeon)
 v - a +0 leather armour
   (You found it on level 1 of the Dungeon)
 y - a +0 leather armour
   (You found it on level 2 of the Dungeon)
 D - a +0 leather armour
   (You found it on level 2 of the Dungeon)
 J - a +0 plate armour
   (You found it on level 3 of the Dungeon)
 K - a +0 chain mail
   (You took it off an orc warrior on level 5 of the Dungeon)
 M - a +1 pair of boots
   (You found it on level 3 of the Dungeon)
 P - a +0 plate armour
   (You found it on level 3 of the Dungeon)
 S - a +0 robe
   (You took it off an orc wizard on level 4 of the Dungeon)
 W - a +0 leather armour
   (You took it off an orc on level 4 of the Dungeon)
Jewellery
 u - a ring of wizardry
   (You found it on level 3 of the Lair of Beasts)
 w - an amulet of regeneration (around neck) {@e2}
   (You found it on level 2 of the Dungeon)
 I - a ring of ice
   (You took it off a kobold on level 3 of the Dungeon)
 L - a ring of see invisible (left hand)
   (You acquired it on level 7 of the Dungeon)
 Z - a +6 ring of intelligence (right hand)
   (You took it off an orc warrior on level 8 of the Dungeon)
Wands
 q - a wand of roots (8)
   (You found it on level 6 of the Dungeon)
 T - a wand of light (12)
   (You found it on level 6 of the Dungeon)
 U - a wand of flame (27)
   (You took it off Edmund on level 6 of the Dungeon)
 V - a wand of paralysis (5)
   (You found it on level 7 of the Dungeon)
 X - a wand of polymorph (9)
   (You found it on level 8 of the Dungeon)
Scrolls
 c - a scroll of poison
 d - a scroll of amnesia
 f - a scroll of fog
 g - a scroll of butterflies
 l - 2 scrolls of teleportation {@r4}
 n - a scroll of magic mapping {!r}
 x - 3 scrolls of silence {!r}
 E - a scroll of identify {@r1}
 O - 3 scrolls of blinking {!r}
 Y - 2 scrolls of vulnerability {!r!r}
Potions
 h - 2 potions of ambrosia
 z - 2 potions of attraction {!q}
 A - a potion of resistance
 C - a potion of brilliance
 G - 3 potions of flight
 N - 2 potions of curing {@q1}
 Q - a potion of might
 R - a potion of invisibility

Dungeon Overview and Level Annotations

Branches:
Dungeon (9/15) Zot: 25784  Temple (1/1) D:6 Zot: 5889    Lair (3/5) D:8 Zot: 14188
  Swamp (0/4) Lair:3        Snake (0/4) Lair:3          Orc (0/2) D:9
 Bailey (visited)

Altars:
Ashenzari
Cheibriados
Dithmenos
Fedhas
Gozag
Hepliaklqana
Kikubaaqudgha
Makhleb
Okawaru
Ru
Sif Muna
Trog
Uskayaw
Vehumet
Wu Jian
Yredelemnul

Shops:
D:3 [?   D:6 (

Annotations:
D:4 1 runed translucent door, Crazy Yiuf
D:6 2 runed translucent doors, exclusion: statue
Lair:3 exclusion: ice statue

†#...###..###.#.#....#.###.#..##.
.................................
.................................
.................................
...............♣♣♣♣♣♣♣♣..........
###...#..)♣♣♣♣♣♣♣♣♣♣♣♣♣♣♣♣♣.#.#..
###.....♣♣♣~≈~♣♣≈n≈~≈~~§§≈♣♣.##..
.###...⌠...♣...♣.♣.♣.§.§.~♣♣♣##..
.##....⌠.....♣..@w...§§§>≈♣ #..
#####...♣♣♣~~~≈~~≈~~♣♣S§≈§♣ ##..
## ##....♣♣♣♣♣♣♣♣♣♣♣ ♣♣♣♣♣ #P..
.#####.........♣♣♣♣♣♣♣♣ #### #..
.##.##.###.........♣#.####..###..
....................)............
.......................>...).....
.................................
.................................


You could see a bog body, a swamp worm and an electric eel.


Message History

A swamp worm and a bog body come into view.
The swamp worm closely misses you.
Found a staircase to the Swamp.
Unknown command.
Unknown command.
The blast of sand hits the swamp worm!!
You kill the swamp worm!
Vehumet accepts your kill.
You feel better.
You feel your power returning.
The swamp worm fires a harpoon shot at you.
The harpoon shot misses you.
The bog body gestures at you while chanting.
You resist with significant effort.
Unknown command.
You can't see any susceptible monsters within range! (Use Z to cast anyway.) Unknown command.
An electric eel comes into view.
The swamp worm fires a harpoon shot at you.
The harpoon shot hits you!
You are yanked forward by the harpoon shot.
You violently stop moving!
Splash!
You fall into the shallow water.
Moving in this stuff is going to be slow.
The electric eel shoots out a bolt of lightning at you!
The bolt of electricity hits you!
Unknown command.
Unknown command.
Casting: Sandblast (safe; 0% risk of failure)
Confirm with . or Enter, or press ? or * to list all spells.
Aiming: Borgnjor's Vile Clutch (dangerous; 3% risk of failure)
Press: ? - help, Shift-Dir - straight line, f - swamp worm
Aim: a swamp worm (100% to hit)
The bog body is unaffected.
Zombie hands grab the swamp worm.
The zombie hands constrict the swamp worm.
The swamp worm escapes!
The bog body touches you! The bog body freezes you. You resist.
Casting: Borgnjor's Vile Clutch (dangerous; 3% risk of failure)
Confirm with . or Enter, or press ? or * to list all spells.
Okay, then.
The swamp worm attacks as you move away!
The swamp worm bites you but does no damage.
The bog body attacks as you move away! The bog body misses you.
The swamp worm bites you but does no damage.
The electric eel shoots out a bolt of lightning at you!
The bolt of electricity misses you. The swamp worm misses you.
Unknown command.
Unknown command.
The swamp worm misses you.
Unknown command.
Unknown command.
The swamp worm fires a harpoon shot at you.
The harpoon shot misses you.
Unknown command.
Unknown command.
Casting: Borgnjor's Vile Clutch (dangerous; 3% risk of failure)
Confirm with . or Enter, or press ? or * to list all spells.
Aiming: Borgnjor's Vile Clutch (dangerous; 3% risk of failure)
Press: ? - help, Shift-Dir - straight line, f - bog body, p - swamp worm
Aim: a bog body (100% to hit)
Zombie hands grab the swamp worm.
Zombie hands grab the bog body.
The zombie hands constrict the swamp worm.
The zombie hands constrict the bog body!
The swamp worm struggles to escape constriction.
The electric eel shoots out a bolt of lightning at you!
The bolt of electricity hits you!
* * * LOW HITPOINT WARNING * * *
The bog body struggles to escape constriction.
The swamp worm fires a harpoon shot at you.
The harpoon shot hits you!
* * * LOW HITPOINT WARNING * * *
You are yanked forward by the harpoon shot.
The electric eel shoots out a bolt of lightning at you!
The bolt of electricity hits you!
* * * LOW HITPOINT WARNING * * *
Unknown command.
Unknown command.
The zombie hands constrict the swamp worm!!
The zombie hands constrict the bog body!
The swamp worm fires a harpoon shot at you.
The harpoon shot misses you.
The bog body struggles to escape constriction.
The electric eel shoots out a bolt of lightning at you!
The bolt of electricity hits you!
* * * LOW HITPOINT WARNING * * *
The swamp worm struggles to escape constriction.
Unknown command.
Really read
O - 4 scrolls of blinking {!r}?
Blink to where?
Press: ? - help, Dir - move target, p - bog body The zombie hands lose their grip on something. x2
As you read the scroll of blinking {!r}, it crumbles to dust.
You feel much better.
The swamp worm fires a harpoon shot at you.
The harpoon shot hits you!!
* * * LOW HITPOINT WARNING * * *
You are yanked forward by the harpoon shot.
The swamp worm bites you!!
You die...

Skill      XL: |  1  2  3  4  5  6  7  8  9 10 11 12 |
---------------+-------------------------------------+-----
Earth Magic    | 4 5 6 7 8 9 12 15 16 | 16.4
Fighting       | 1 3 5 6 7 9 |  9.0
Spellcasting   | 2 3 4 6 7 8 |  8.1
Dodging        | 4 |  4.0
Conjurations   | 3 5 |  5.2
Necromancy     | 2 3 |  3.0
Stealth        | |  2.1
Transmutations | |  0.8

Action                     |  1- 3 |  4- 6 |  7- 9 | 10-12 || total
---------------------------+-------+-------+-------+-------++-------
  Melee: Unarmed           |     2 |       |     1 |       ||     3
         Dagger            |    19 |       |    30 |    58 ||   107
   Cast: Sandblast         |    54 |    49 |   202 |   369 ||   674
         Stone Arrow       |       |       |    26 |    48 ||    74
         Petrify           |       |       |     2 |     8 ||    10
         Passwall          |       |       |     1 |     1 ||     2
         Borgnjor's Vile C |       |       |       |    17 ||    17
         Iron Shot         |       |       |       |     6 ||     6
         Apportation       |       |       |       |     4 ||     4
  Evoke: Wand              |       |       |       |     3 ||     3
    Use: Potion            |       |     1 |     4 |     3 ||     8
         Scroll            |       |     4 |    12 |    11 ||    27
   Stab: Petrified         |       |       |    18 |    43 ||    61
         Sleeping          |       |       |     1 |       ||     1
 Armour: Robe              |    10 |     8 |    43 |    52 ||   113
  Dodge: Dodged            |    30 |    25 |    79 |   219 ||   353

Levels and vault maps discovered:
D:1:      minmay_arrival_loop, layout_loops_ring
D:2:      layout_basic, hellmonk_ecumenical_altar_inner_sanctum, uniq_natasha
D:3:      layout_loops_ring, minmay_overflow_temple_star_hex, serial_shops,
          shop, shop, kennysheep_boxes, uniq_grinder
D:4:      layout_loops_cross, zin_statuary, serial_rivers,
          chequers_serial_rivers_large_a, chequers_serial_rivers_micro_e,
          chequers_serial_rivers_large_b, chequers_serial_rivers_marsh,
          chequers_serial_rivers_micro_a, chequers_serial_rivers_room_b,
          uniq_crazy_yiuf_cottage
D:5:      layout_rooms, roderic_serpentine_path, palyth_stone_intersect,
          nicolae_eternal_life, minmay_door_square, minmay_misc_feat_columns
D:6:      minmay_chambers_of_threes, layout_basic, vehumet_statue,
          jmf_multi_god_temple2, gammafunk_temple_overflow_pools,
          minmay_temple_entry_purple_smoke, serial_shops, nicolae_shop_stone,
          minmay_small_thing, uniq_edmund
D:7:      layout_cave_pools, enter_bailey_3, uniq_pikel
D:8:      layout_loops_ring, okawaru_ov_weapons_minmay,
          lemuel_coloured_pillars_altar, erik_lair_orcish_takeover
D:9:      layout_rooms, mainiacjoe_overflow_six_doors_small, erik_orc_4,
          kennysheep_generic_room_13
Temple:   hellmonk_temple_beads
Lair:1:   layout_loops_ring, beast_lair_carwin_7
Lair:2:   layout_long_grid, grunt_megastairs_5
Lair:3:   layout_long_grid, nicolae_swamp_entry_splash_gauntlet,
          dummy_snake_entry, minivault_27, ice2_lemuel, grunt_megastairs_2,
          uniq_rupert

Notes
Turn   | Place    | Note
-------+----------+-------------------------------------------
     0 | D:1      | Sobieck the Ghoul Earth Elementalist began the quest for
                  | the Orb.
     0 | D:1      | Reached XP level 1. HP: 14/14 MP: 2/2
   340 | D:1      | Reached XP level 2. HP: 20/20 MP: 1/3
   378 | D:1      | Reached skill level 4 in Earth Magic
   794 | D:1      | Reached XP level 3. HP: 26/26 MP: 1/4
  1413 | D:2      | Reached skill level 5 in Earth Magic
  1654 | D:2      | Reached XP level 4. HP: 33/33 MP: 2/5
  1776 | D:2      | Noticed Natasha
  1779 | D:2      | Killed Natasha
  1783 | D:2      | Learned a level 2 spell: Passwall
  1814 | D:2      | Noticed Natasha
  1822 | D:2      | Killed Natasha
  1823 | D:2      | Reached skill level 6 in Earth Magic
  2362 | D:2      | Noticed Natasha
  2364 | D:2      | Killed Natasha
  2365 | D:2      | Reached XP level 5. HP: 38/38 MP: 4/6
  2402 | D:2      | Found a faded altar of an unknown god.
  2699 | D:3      | You add the spells Gell's Gravitas, Teleport Other and
                  | Dispersal to your library.
  2747 | D:3      | Noticed Grinder
  2747 | D:3      | Paralysed by Grinder for 2 turns
  2953 | D:3      | Found Timmekhe's Antique Armour Shoppe.
  2994 | D:3      | Paralysed by Grinder for 4 turns
  3001 | D:3      | Killed Grinder
  3002 | D:3      | Reached skill level 7 in Earth Magic
  3002 | D:3      | Reached XP level 6. HP: 38/45 MP: 1/7
  3006 | D:3      | Learned a level 3 spell: Stone Arrow
  3105 | D:3      | You pick up a book of Power and begin reading...
  3105 | D:3      | You add the spells Iskenderun's Battlesphere, Iron Shot and
                  | Spellforged Servitor to your library.
  3139 | D:3      | Found Weixol's Magic Scroll Emporium.
  3144 | D:3      | Bought a scroll of blinking for 90 gold pieces
  3144 | D:3      | Bought a scroll of identify for 24 gold pieces
  3213 | D:3      | Found a sacrificial altar of Ru.
  3225 | D:3      | Found a bloodstained altar of Trog.
  3232 | D:3      | Found a hazy altar of Hepliaklqana.
  3239 | D:3      | Found a burning altar of Makhleb.
  3241 | D:3      | Found a basalt altar of Yredelemnul.
  3334 | D:3      | Reached skill level 8 in Earth Magic
  3545 | D:4      | Reached skill level 1 in Fighting
  3545 | D:4      | Reached skill level 2 in Spellcasting
  3545 | D:4      | Reached XP level 7. HP: 52/52 MP: 1/9
  3854 | D:4      | Reached skill level 2 in Fighting
  3953 | D:3      | Bought a scroll of identify for 24 gold pieces
  4378 | D:4      | Found a runed translucent door.
  4379 | D:4      | Noticed Crazy Yiuf
  4801 | D:4      | You pick up a book of the Warp and begin reading...
  4801 | D:4      | You add the spells Manifold Assault and Disjunction to your
                  | library.
  5082 | D:5      | Entered Level 5 of the Dungeon
  5086 | D:5      | Reached skill level 3 in Spellcasting
  5110 | D:5      | Reached skill level 3 in Fighting
  5437 | D:5      | Reached XP level 8. HP: 63/63 MP: 5/11
  5442 | D:5      | Learned a level 4 spell: Petrify
  5818 | D:5      | Reached skill level 4 in Fighting
  6119 | D:6      | Found a staircase to the Ecumenical Temple.
  6130 | D:6      | Reached skill level 9 in Earth Magic
  6214 | D:6      | Reached skill level 4 in Spellcasting
  6314 | D:6      | Found Rabrogeo's Weapon Shoppe.
  6323 | Temple   | Entered the Ecumenical Temple
  6520 | D:6      | Reached skill level 5 in Fighting
  6663 | D:6      | Found a large runed translucent door.
  6664 | D:6      | Found a large runed translucent door.
  6815 | D:6      | Reached XP level 9. HP: 74/74 MP: 8/15
  6859 | D:6      | Noticed Edmund
  6901 | D:6      | Killed Edmund
  7011 | D:6      | Reached skill level 6 in Fighting
  7011 | D:6      | Reached skill level 5 in Spellcasting
  7109 | D:6      | Reached skill level 10 in Earth Magic
  7190 | D:6      | Found a snail-covered altar of Cheibriados.
  7710 | D:6      | Reached skill level 6 in Spellcasting
  7807 | D:6      | You pick up a book of Blood and begin reading...
  7849 | D:6      | Reached skill level 11 in Earth Magic
  7906 | D:6      | Found a radiant altar of Vehumet.
  7912 | D:6      | Became a worshipper of Vehumet
  7972 | D:6      | HP: 13/75 [something (12)]
  8237 | D:6      | Noticed a hornet
  8244 | D:6      | Killed a hornet
  8248 | D:6      | Reached skill level 12 in Earth Magic
  8248 | D:6      | Reached XP level 10. HP: 74/83 MP: 9/18
  8578 | D:6      | HP: 19/83 [black bear (7)]
  8578 | D:6      | HP: 8/83 [black bear (10)]
  8579 | D:6      | HP: 2/83 [orc/+0 hand axe (4)]
  9080 | D:7      | Found a flagged portal.
  9085 | Bailey   | Entered a bailey
  9147 | Bailey   | Reached * piety under Vehumet
  9147 | Bailey   | Offered knowledge of Shock by Vehumet.
  9182 | Bailey   | Reached skill level 13 in Earth Magic
  9682 | Bailey   | Found an iron altar of Okawaru.
  9683 | Bailey   | Noticed a kobold demonologist
  9683 | Bailey   | Noticed a kobold demonologist
  9708 | D:7      | Noticed Pikel
  9795 | D:7      | Killed Pikel
  9899 | D:7      | Acquired a ring of see invisible
 10196 | D:8      | Reached skill level 14 in Earth Magic
 10328 | D:8      | Offered knowledge of Scorch by Vehumet.
 10422 | D:8      | Reached ** piety under Vehumet
 10727 | D:8      | Found a staircase to the Lair.
 10798 | D:8      | Reached skill level 15 in Earth Magic
 10798 | D:8      | Reached XP level 11. HP: 89/89 MP: 15/19
 10803 | D:8      | Reached skill level 2 in Dodging
 10924 | D:8      | You pick up a book of Party Tricks and begin reading...
 10924 | D:8      | You add the spells Apportation and Alistair's Intoxication
                  | to your library.
 11118 | D:8      | Found a shimmering blue altar of Sif Muna.
 11177 | D:8      | Found an iron altar of Okawaru.
 11344 | D:8      | Reached skill level 1 in Conjurations
 11425 | D:9      | Found a broken altar of Ashenzari.
 11557 | D:9      | Offered knowledge of Kindle Blastsparks by Vehumet.
 11632 | D:9      | Reached *** piety under Vehumet
 11802 | D:9      | Found a staircase to the Orcish Mines.
 11840 | D:9      | Reached skill level 3 in Dodging
 11887 | D:8      | Reached skill level 2 in Conjurations
 12048 | D:9      | You add the spells Frozen Ramparts, Animate Armour and
                  | Borgnjor's Vile Clutch to your library.
 12048 | D:9      | Got the Compendium of the Manifold Ships
 12067 | D:9      | Identified the +3 dagger of Newnaa Dompa {venom, Int+3}
 12165 | D:9      | Learned a level 6 spell: Iron Shot
 12171 | D:9      | Learned a level 5 spell: Borgnjor's Vile Clutch
 12327 | Lair:1   | Entered Level 1 of the Lair of Beasts
 12529 | Lair:1   | Offered knowledge of Sticky Flame by Vehumet.
 12530 | Lair:1   | Reached skill level 7 in Fighting
 12530 | Lair:1   | Reached skill level 1 in Necromancy
 12844 | Lair:1   | Reached skill level 2 in Necromancy
 12988 | Lair:1   | You add the spells Summon Forest and Eringya's Noxious Bog
                  | to your library.
 13000 | Lair:1   | Reached skill level 3 in Conjurations
 13340 | Lair:2   | Reached skill level 4 in Dodging
 13479 | Lair:2   | Reached skill level 7 in Spellcasting
 13620 | Lair:2   | Reached XP level 12. HP: 66/100 MP: 10/21
 14129 | Lair:2   | Reached skill level 3 in Necromancy
 14639 | Lair:2   | Reached **** piety under Vehumet
 14640 | Lair:2   | Reached skill level 8 in Fighting
 14783 | Lair:3   | Noticed Rupert
 14790 | Lair:3   | Killed Rupert
 14791 | Lair:3   | Reached skill level 4 in Conjurations
 14921 | Lair:3   | a +2 scale mail of fire resistance; a +3 triple sword of
                  | holy wrath {longrare=g}
 14921 | Lair:3   | a +2 scale mail of fire resistance; a +3 triple sword of
                  | holy wrath {longrare=g}
 14921 | Lair:3   | Could not pick up a +3 triple sword of holy wrath
                  | {longrare=g} here; ([A]lways) ignore it?
 14949 | Lair:3   | Offered knowledge of Freezing Cloud by Vehumet.
 15012 | Lair:3   | Learned a level 1 spell: Apportation
 15021 | Lair:3   | You pick up a book of the Hunter and begin reading...
 15021 | Lair:3   | You add the spells Call Canine Familiar, Portal Projectile
                  | and Leda's Liquefaction to your library.
 15055 | Lair:3   | Reached skill level 16 in Earth Magic
 15448 | Lair:3   | Identified the +0 pair of boots of Indecent Exposure {rN+
                  | Stlth+}
 15589 | Lair:3   | Reached skill level 9 in Fighting
 15597 | Lair:3   | Reached skill level 8 in Spellcasting
 15599 | Lair:3   | Reached skill level 5 in Conjurations
 15788 | Lair:3   | Found a staircase to the Snake Pit.
 16165 | Lair:3   | Found a staircase to the Swamp.
 16173 | Lair:3   | HP: 11/104 [electric eel/bolt of electricity (17)]
 16175 | Lair:3   | Mangled by a swamp worm

Vanquished Creatures
  Rupert (Lair:3)
  Pikel (D:7)
  A bog body (Lair:3)
  A black mamba (Lair:3)
  5 cane toads
  7 komodo dragons
  A freezing wraith (Lair:3)
  2 polar bears (Lair:3)
  Grinder (D:3)
  2 hornets
  13 blink frogs
  A vampire (D:6)
  2 wyverns
  2 basilisks
  2 steam dragons (D:9)
  10 yaks
  Edmund (D:6)
  4 vampire mosquitoes (D:8)
  A swamp worm (Lair:3)
  An acid dragon (D:6)
  4 wargs
  8 water moccasins
  3 black bears (D:6)
  10 orc warriors
  9 ice beasts
  2 sky beasts (D:6)
  9 wolves
  4 centaurs
  4 lemures
  A kobold brigand (D:7)
  15 bullfrogs
  5 scorpions
  14 wights
  6 killer bees
  4 howler monkeys
  An electric eel (Bailey)
  4 hounds
  3 jellies
  10 orc priests
  2 gnoll boudas (D:6)
  7 iguanas
  A sleepcap (D:7)
  Natasha (thrice) (D:2)
  11 orc wizards
  15 gnolls
  5 adders
  8 white imps
  An ufetubus (D:5)
  A worm (D:2)
  2 dart slugs
  37 orcs
  5 bats
  11 endoplasms
  5 giant cockroaches
  15 hobgoblins
  3 jackals (D:1)
  12 kobolds
  5 quokkas
  6 ball pythons
  A frilled lizard (D:1)
  19 goblins
  4 rats
354 creatures vanquished.

Vanquished Creatures (others)
  17 fungi
  11 plants
28 creatures vanquished.

Grand Total: 382 creatures vanquished

Table legend:
 A = Non-vault XP
 B = Vault XP
 C = Vault XP percentage of total XP
 D = Non-vault monster count
 E = Vault monster count
 F = Vault count percentage of total count
                 A         B        C        D         E       F
            +---------+---------+-------+---------+---------+-------
      Total |   19975 |   10190 |  33.8 |     253 |      97 |  27.7
            +---------+---------+-------+---------+---------+-------
        D:1 |      55 |       0 |   0.0 |      30 |       0 |   0.0
        D:2 |     108 |      35 |  24.5 |      15 |       1 |   6.2
        D:3 |     100 |     290 |  74.4 |      15 |       1 |   6.2
        D:4 |     381 |       0 |   0.0 |      30 |       0 |   0.0
        D:5 |     550 |       0 |   0.0 |      12 |       0 |   0.0
        D:6 |    2381 |    1026 |  30.1 |      35 |      14 |  28.6
        D:7 |     854 |     692 |  44.8 |      23 |       5 |  17.9
        D:8 |    2548 |     664 |  20.7 |      27 |      10 |  27.0
        D:9 |    1782 |     690 |  27.9 |      14 |      16 |  53.3
     Lair:1 |    3259 |     920 |  22.0 |      18 |       6 |  25.0
     Lair:2 |    2935 |     418 |  12.5 |      14 |       1 |   6.7
     Lair:3 |    5022 |    4653 |  48.1 |      20 |      16 |  44.4
     Bailey |       0 |     802 | 100.0 |       0 |      27 | 100.0
            +---------+---------+-------+---------+---------+-------

Illustrated notes

Table legend:
 A = Kills in this place as a percentage of kills in the entire game.
 B = Kills by you in this place as a percentage of kills by you in the entire game.
 C = Kills by friends in this place as a percentage of kills by friends in the entire game.
 D = Other kills in this place as a percentage of other kills in the entire game.
 E = Experience gained in this place as a percentage of experience gained in the entire game.
 F = Experience gained in this place divided by the number of levels of this place that you have seen.
                   A       B       C       D       E      F
               +-------+-------+-------+-------+-------+----------------------
         Total | 100.0 | 100.0 |   N/A |   N/A | 100.0 | 2154.6
       Dungeon |  70.9 |  70.9 |   N/A |   N/A |  40.3 | 1350.7
          Lair |  21.4 |  21.4 |   N/A |   N/A |  57.0 | 5735.7
        Bailey |   7.7 |   7.7 |   N/A |   N/A |   2.7 | 802.0
               +-------+-------+-------+-------+-------+----------------------

Table legend: (Time is in decaauts)
 A = Elapsed time spent in this place.
 B = Non-inter-level travel time spent in this place.
 C = Inter-level travel time spent in this place.
 D = Time resting spent in this place.
 E = Time spent auto-exploring this place.
 F = Levels seen in this place.
 G = Mean time per level.
                   A        B        C        D        E       F      G
               +--------+--------+--------+--------+--------+-----+--------+
         Total |  16637 |  16013 |    624 |   2389 |  10206 |  14 | 1188.4 |
       Dungeon |  12095 |  11600 |    495 |   1447 |   7940 |   9 | 1343.9 |
        Temple |    110 |     98 |     12 |      0 |     90 |   1 |  110.0 |
          Lair |   3809 |   3693 |    116 |    726 |   2173 |   3 | 1269.7 |
        Bailey |    622 |    622 |      0 |    216 |      2 |   1 |  622.0 |
               +--------+--------+--------+--------+--------+-----+--------+

Top non-repeatable levels by time:
     D:6: 2672 daAuts
     D:4: 1528 daAuts
  Lair:3: 1497 daAuts
     D:8: 1470 daAuts
     D:1: 1329 daAuts
     D:3: 1283 daAuts
  Lair:2: 1242 daAuts
     D:2: 1151 daAuts
  Lair:1: 1070 daAuts
     D:5: 963 daAuts
     D:7: 895 daAuts
     D:9: 800 daAuts
  Bailey: 622 daAuts
  Temple: 110 daAuts
